Map: Flooded City

Players

MonstroTown

  • Race: Terran Terran
  • Spawn Location: 6:00

Michael

  • Race: Zerg Zerg
  • League: Platinum
  • Spawn Location: 6:00

Domson

  • Race: Protoss Protoss
  • League: Master
  • Spawn Location: 12:00

NoobGateau

  • Race: Zerg Zerg
  • Spawn Location: 12:00

VOD

Have the link to the VOD?

Description

Time

  • Played on: Oct. 9, 2018, 6:30 p.m.
  • Length: 3:44
Show
View Real Time Build Order
Export as new Build Order

MonstroTown Terran 

Build Orders:  

Get SALT Encoding   

  12  0:01  SCV  
  13  0:13  SCV  
  14  0:19  Supply Depot  
  14  0:25  SCV  
  15  0:40  SCV  
  16  0:43  Barracks  
  16  0:48  Refinery  
  16  0:55  SCV  
  17  1:05  Barracks  
  17  1:11  SCV  
  18  1:23  SCV  
  19  1:30  Marine  
  20  1:39  Bunker  
  20  1:40  SCV  
  21  1:47  Bunker  
  18  1:58  Marine  
  18  1:59  Marine  
  18  2:06  SCV  
  17  2:17  Marine  
  15  2:40  Factory, Orbital Command  
    3:08  Orbital Command  
    3:10  Marine  
Show
View Real Time Build Order
Export as new Build Order

Michael Zerg 

Build Orders: Pool Only 

Get SALT Encoding   

  12  0:01  Drone  
  13  0:12  Overlord  
  13  0:18  Drone  
  14  0:31  Drone x2  
  14  0:35  Drone  
  17  0:39  Extractor  
  16  0:45  Drone  
  17  0:52  Spawning Pool  
  17  0:56  Drone  
  17  1:07  Drone  
  18  1:27  Overlord  
  18  1:38  Queen  
  20  1:40  Zergling x4  
  22  1:49  Roach Warren  
  21  1:56  Zergling x2  
  22  2:01  Zergling x2  
  22  2:13  Zergling x2  
  23  2:23  Zergling x2  
  23  2:35  Roach  
  25  2:38  Queen  
  25  2:43  Roach  
  29  3:01  Overlord x3  
  28  3:06  Ravager  
  27  3:27  Ravager  
Show
View Real Time Build Order
Export as new Build Order

Domson Protoss 

Build Orders: Cannon Rush 

Get SALT Encoding   

  12  0:00  Probe  
  13  0:13  Probe  
  14  0:20  Pylon  
  14  0:25  Probe  
  15  0:36  Probe  
  15  0:39  Forge  
  16  0:58  Probe  
  16  0:59  Pylon  
  17  1:19  Photon Cannon  
  17  1:20  Photon Cannon  
  17  1:22  Pylon  
  17  1:34  Gateway  
  17  1:49  Photon Cannon  
  17  2:00  Photon Cannon  
  16  2:06  Photon Cannon  
  16  2:15  Photon Cannon  
  16  2:18  Zealot  
  16  2:23  Photon Cannon  
  18  2:34  Pylon  
  18  2:40  Probe  
  19  2:50  Probe  
  19  2:52  Photon Cannon  
  20  3:01  Probe  
  20  3:02  Zealot  
  23  3:08  Assimilator  
  23  3:25  Probe  
  23  3:30  Cybernetics Core  
  24  3:36  Assimilator  
Show
View Real Time Build Order
Export as new Build Order

NoobGateau Zerg 

Build Orders: Hatch First 

Get SALT Encoding   

  12  0:01  Drone  
  13  0:10  Drone  
  14  0:15  Extractor  
  14  0:16  Drone  
  15  0:47  Hatchery  
  14  0:50  Extractor  
  14  0:52  Drone  
  14  0:55  Extractor  
  14  0:56  Drone  
  15  1:11  Spawning Pool  
  14  1:16  Overlord  
  14  1:22  Extractor  
  14  1:23  Drone  
  15  1:57  Zergling x4  
  15  1:58  Zergling x2  
  15  2:00  Metabolic Boost, Zergling x2  
  19  2:01  Queen  
  21  2:11  Zergling x2  
  22  2:16  Zergling x2  
  22  2:19  Zergling x2  
  22  2:21  Zergling x2  
  25  2:32  Queen  
  27  2:48  Zergling x2  
  28  2:54  Overlord  
  26  3:07  Zergling x4  
  28  3:13  Overlord x2  
  29  3:27  Zergling x6  
Tags
 
Add a new tag
Caveats
  • Supply blocks, unpowered buildings, or Contaminate may cause inaccurate times.
  • Supply counts are checked every 10 seconds.